TOP OF THE 1ST |
Echo Park Lakers batting - Pitching for Seattle Aviators : RHP José Lucero
|
Pitching: RHP José Lucero
|
|
Batting: RHB Guillermo Coss
|
0-0: Foul Ball, location: 2F 0-1: Ball 1-1: Swinging Strike 1-2: Foul Ball, location: 2F 1-2: Strikes out swinging
|
Batting: RHB Jesús Villalba
|
0-0: Ball 1-0: Called Strike 1-1: Ball 2-1: Swinging Strike 2-2: Strikes out swinging
|
Batting: RHB Kumanosuke Abe
|
0-0: Called Strike 0-1: Ball 1-1: Called Strike 1-2: Strikes out swinging
|
Top of the 1st over - 0 runs, 0 hits, 0 errors, 0 left on base; Echo Park 0 - Seattle 0 |
BOTTOM OF THE 1ST |
Seattle Aviators batting - Pitching for Echo Park Lakers : LHP Will Hunting
|
Pitching: LHP Will Hunting
|
|
Batting: SHB Nuygen Vuong
|
0-0: SINGLE (Line Drive, 8LS)
|
Batting: RHB Alfredo Méndez
|
0-0: Ball 1-0: Ball 2-0: Ground out 4-3 (Groundball, 4S) Nuygen Vuong to second
|
Batting: RHB John Downing
|
0-0: Ball 1-0: Called Strike 1-1: Fly out, F8 (Flyball, 8RD)
|
Batting: RHB Albert Zamudio
|
0-0: Ball 1-0: Called Strike 1-1: Called Strike 1-2: Foul Ball, location: 2F 1-2: Strikes out swinging
|
Bottom of the 1st over - 0 runs, 1 hit, 0 errors, 1 left on base; Echo Park 0 - Seattle 0 |
TOP OF THE 2ND |
Echo Park Lakers batting - Pitching for Seattle Aviators : RHP José Lucero
|
Batting: RHB Yoshihito Samurakami
|
0-0: Called Strike 0-1: Foul Ball, location: 2F 0-2: Ball 1-2: Strikes out swinging
|
Batting: LHB Stefan Vanderhoof
|
0-0: Ball 1-0: Ball 2-0: SOLO HOME RUN (Flyball, 9LD), Distance : 336 ft
|
Batting: RHB Chris Harrell
|
0-0: Ball 1-0: Foul Ball, location: 2F 1-1: Ground out 6-3 (Groundball, 6)
|
Batting: RHB Freddy Torres
|
0-0: Ball 1-0: Ground out U3 (Groundball, 34)
|
Top of the 2nd over - 1 run, 1 hit, 0 errors, 0 left on base; Echo Park 1 - Seattle 0 |
BOTTOM OF THE 2ND |
Seattle Aviators batting - Pitching for Echo Park Lakers : LHP Will Hunting
|
Batting: LHB Jorge Mojica
|
0-0: Called Strike 0-1: Ground out U3 (Groundball, 3)
|
Batting: RHB Seon-keun Kim
|
0-0: Ball 1-0: Ball 2-0: Called Strike 2-1: Foul Ball, location: 2F 2-2: Ball 3-2: Strikes out swinging
|
Batting: LHB Kenny Webster
|
0-0: Ball 1-0: Ball 2-0: Called Strike 2-1: Ground out 5-3 (Groundball, 56)
|
Bottom of the 2nd over - 0 runs, 0 hits, 0 errors, 0 left on base; Echo Park 1 - Seattle 0 |
TOP OF THE 3RD |
Echo Park Lakers batting - Pitching for Seattle Aviators : RHP José Lucero
|
Batting: RHB Ismael Sandoval
|
0-0: Ground out 5-3 (Groundball, 56S)
|
Batting: RHB Habbo Allaart
|
0-0: Ground out 5-3 (Groundball, 56)
|
Batting: RHB Guillermo Coss
|
0-0: Ball 1-0: Ball 2-0: Ball 3-0: Base on Balls
|
Batting: RHB Jesús Villalba
|
0-0: Ball 1-0: Ball 2-0: Called Strike 2-1: Foul Ball, location: 2F 2-2: Foul Ball, location: 2F 2-2: Strikes out swinging
|
Top of the 3rd over - 0 runs, 0 hits, 0 errors, 1 left on base; Echo Park 1 - Seattle 0 |
BOTTOM OF THE 3RD |
Seattle Aviators batting - Pitching for Echo Park Lakers : LHP Will Hunting
|
Batting: RHB Logan Namajunas
|
0-0: Ball 1-0: Called Strike 1-1: Fly out, F7 (Flyball, 78S)
|
Batting: LHB Pedro Corona
|
0-0: Called Strike 0-1: Ball 1-1: SINGLE (Groundball, 34)
|
Batting: SHB Nuygen Vuong
|
0-0: Ball 1-0: Called Strike Pedro Corona is caught stealing 2nd base 1-1: Ground out U3 (Groundball, 3L)
|
Bottom of the 3rd over - 0 runs, 1 hit, 0 errors, 0 left on base; Echo Park 1 - Seattle 0 |
TOP OF THE 4TH |
Echo Park Lakers batting - Pitching for Seattle Aviators : RHP José Lucero
|
Batting: RHB Kumanosuke Abe
|
0-0: Called Strike 0-1: Ball 1-1: Swinging Strike 1-2: Strikes out swinging
|
Batting: RHB Yoshihito Samurakami
|
0-0: Ground out 6-3 (Groundball, 6)
|
Batting: LHB Stefan Vanderhoof
|
0-0: Ball 1-0: Ball 2-0: Ball 3-0: Foul Ball, location: 2F 3-1: Foul Ball, location: 2F 3-2: Base on Balls
|
Batting: RHB Chris Harrell
|
0-0: Ball 1-0: Swinging Strike 1-1: Ball 2-1: Ball 3-1: Base on Balls Stefan Vanderhoof to second
|
Batting: RHB Freddy Torres
|
0-0: Ball 1-0: Called Strike 1-1: Ball 2-1: Ball Wild Pitch! Stefan Vanderhoof to third Chris Harrell to second 3-1: Intentional Walk
|
Batting: RHB Ismael Sandoval
|
0-0: Fly out, F9 (Flyball, 9D)
|
Top of the 4th over - 0 runs, 0 hits, 0 errors, 3 left on base; Echo Park 1 - Seattle 0 |
BOTTOM OF THE 4TH |
Seattle Aviators batting - Pitching for Echo Park Lakers : LHP Will Hunting
|
Batting: RHB Alfredo Méndez
|
0-0: Fly out, F9 (Line Drive, 9)
|
Batting: RHB John Downing
|
0-0: Called Strike 0-1: Called Strike 0-2: Foul Ball, location: 2F 0-2: Ball 1-2: Ball 2-2: Strikes out looking
|
Batting: RHB Albert Zamudio
|
0-0: Ball 1-0: Called Strike 1-1: Ball 2-1: Ground out 5-3 (Groundball, 56)
|
Bottom of the 4th over - 0 runs, 0 hits, 0 errors, 0 left on base; Echo Park 1 - Seattle 0 |
TOP OF THE 5TH |
Echo Park Lakers batting - Pitching for Seattle Aviators : RHP José Lucero
|
Batting: RHB Habbo Allaart
|
0-0: Called Strike 0-1: Fly out, F1 (Line Drive, 13S)
|
Pitching: RHP Miguel Cervantes
|
|
Batting: RHB Guillermo Coss
|
0-0: Ball 1-0: Swinging Strike 1-1: Ball 2-1: Foul Ball, location: 2F 2-2: Ball 3-2: Ground out U3 (Groundball, 3S)
|
Batting: RHB Jesús Villalba
|
0-0: Ball 1-0: Foul Ball, location: 2F 1-1: Foul Ball, location: 2F 1-2: Ball 2-2: Strikes out swinging
|
Top of the 5th over - 0 runs, 0 hits, 0 errors, 0 left on base; Echo Park 1 - Seattle 0 |
BOTTOM OF THE 5TH |
Seattle Aviators batting - Pitching for Echo Park Lakers : LHP Will Hunting
|
Batting: LHB Jorge Mojica
|
0-0: Fly out, F1 (Line Drive, 13)
|
Batting: RHB Seon-keun Kim
|
0-0: Called Strike 0-1: Foul Ball, location: 2F 0-2: Ball 1-2: Fly out, F9 (Flyball, 9D)
|
Batting: LHB Kenny Webster
|
0-0: Called Strike 0-1: Foul Ball, location: 2F 0-2: Strikes out swinging
|
Bottom of the 5th over - 0 runs, 0 hits, 0 errors, 0 left on base; Echo Park 1 - Seattle 0 |
TOP OF THE 6TH |
Echo Park Lakers batting - Pitching for Seattle Aviators : RHP Miguel Cervantes
|
Batting: RHB Kumanosuke Abe
|
0-0: Ball 1-0: Foul Ball, location: 2F 1-1: Called Strike 1-2: SINGLE (Groundball, 4MD)
|
Batting: RHB Yoshihito Samurakami
|
0-0: Swinging Strike 0-1: Foul Ball, location: 2F 0-2: Ball 1-2: Ball 2-2: Strikes out looking
|
Batting: LHB Stefan Vanderhoof
|
0-0: Swinging Strike 0-1: Foul Ball, location: 2F 0-2: Foul Ball, location: 2F 0-2: Strikes out swinging
|
Batting: RHB Chris Harrell
|
0-0: Called Strike 0-1: SINGLE (Line Drive, 89S) Kumanosuke Abe to second Runner from 2nd tries for 3rd, SAFE, no throw
|
Batting: RHB Freddy Torres
|
0-0: Ball 1-0: Ball 2-0: SINGLE (Groundball, 6D) Kumanosuke Abe scores Chris Harrell to second
|
Batting: RHB Ismael Sandoval
|
0-0: Foul Ball, location: 2F 0-1: Swinging Strike 0-2: Ball 1-2: Fielders Choice at 2nd, 6-4 (Groundball, 56)
|
Top of the 6th over - 1 run, 3 hits, 0 errors, 2 left on base; Echo Park 2 - Seattle 0 |
BOTTOM OF THE 6TH |
Seattle Aviators batting - Pitching for Echo Park Lakers : LHP Will Hunting
|
Batting: RHB Logan Namajunas
|
0-0: Ball 1-0: Swinging Strike 1-1: Ball 2-1: Called Strike 2-2: Ball 3-2: Base on Balls
|
Batting: LHB Pedro Corona
|
0-0: Called Strike 0-1: Ball 1-1: Foul Ball, location: 2F 1-2: Fly out, F9 (Line Drive, 9LM)
|
Batting: SHB Nuygen Vuong
|
0-0: Called Strike 0-1: SINGLE (Groundball, 4) (infield hit) Logan Namajunas to second
|
Batting: RHB Alfredo Méndez
|
0-0: Ball Throwing error on steal attempt, E2 Logan Namajunas scores Nuygen Vuong to third 1-0: Swinging Strike 1-1: Ball 2-1: Ground out 4-3 (Groundball, 4)
|
Batting: RHB John Downing
|
0-0: Ball 1-0: Foul Ball, location: 2F 1-1: Ball 2-1: Ball 3-1: Base on Balls
|
Batting: RHB Albert Zamudio
|
0-0: Foul Ball, location: 2F 0-1: Foul Ball, location: 2F 0-2: Ball 1-2: Ball 2-2: Ground out 6-3 (Groundball, 56)
|
Bottom of the 6th over - 1 run, 1 hit, 1 error, 2 left on base; Echo Park 2 - Seattle 1 |
TOP OF THE 7TH |
Echo Park Lakers batting - Pitching for Seattle Aviators : RHP Miguel Cervantes
|
Batting: RHB Habbo Allaart
|
0-0: Called Strike 0-1: Fly out, F8 (Flyball, 8RS)
|
Batting: RHB Guillermo Coss
|
0-0: Ball 1-0: Foul Ball, location: 2F 1-1: Ground out 3-1 (Groundball, 34S)
|
Batting: RHB Jesús Villalba
|
0-0: Ball 1-0: Ball 2-0: Fly out, F7 (Flyball, 7S)
|
Top of the 7th over - 0 runs, 0 hits, 0 errors, 0 left on base; Echo Park 2 - Seattle 1 |
BOTTOM OF THE 7TH |
Seattle Aviators batting - Pitching for Echo Park Lakers : LHP Will Hunting
|
Batting: LHB Jorge Mojica
|
0-0: Fly out, F7 (Flyball, 78S)
|
Batting: RHB Seon-keun Kim
|
0-0: Ball 1-0: Foul Ball, location: 2F 1-1: Ball 2-1: Ball 3-1: Base on Balls
|
Batting: LHB Kenny Webster
|
0-0: Ball 1-0: Called Strike 1-1: Foul Ball, location: 2F 1-2: Ball 2-2: Foul Ball, location: 2F 2-2: Foul Ball, location: 2F 2-2: Ball 3-2: SINGLE (Line Drive, 9S) Seon-keun Kim to second Runner from 2nd tries for 3rd, SAFE, no throw
|
Batting: RHB Logan Namajunas
|
0-0: Called Strike 0-1: Foul Ball, location: 2F 0-2: Strikes out swinging
|
Pinch Hitting: RHB Ludwig Kluge
|
0-0: Fielders Choice at 2nd, 5-4 (Groundball, 56)
|
Bottom of the 7th over - 0 runs, 1 hit, 0 errors, 2 left on base; Echo Park 2 - Seattle 1 |
TOP OF THE 8TH |
Echo Park Lakers batting - Pitching for Seattle Aviators : RHP Miguel Cervantes
|
Now at 3B: Ludwig Kluge
|
|
Batting: RHB Kumanosuke Abe
|
0-0: Called Strike 0-1: Ball 1-1: Called Strike 1-2: Foul Ball, location: 2F 1-2: Strikes out swinging
|
Batting: RHB Yoshihito Samurakami
|
0-0: Ball 1-0: Called Strike 1-1: SINGLE (Flyball, 89M)
|
Batting: LHB Stefan Vanderhoof
|
0-0: Ball 1-0: Fielders Choice at 2nd, 6-4 (Groundball, 6)
|
Batting: RHB Chris Harrell
|
0-0: Swinging Strike 0-1: Foul Ball, location: 2F 0-2: Foul Ball, location: 2F 0-2: Strikes out swinging
|
Top of the 8th over - 0 runs, 1 hit, 0 errors, 1 left on base; Echo Park 2 - Seattle 1 |
BOTTOM OF THE 8TH |
Seattle Aviators batting - Pitching for Echo Park Lakers : LHP Will Hunting
|
Batting: SHB Nuygen Vuong
|
0-0: Ball 1-0: Ground out 5-3 (Groundball, 56)
|
Batting: RHB Alfredo Méndez
|
0-0: Ball 1-0: Called Strike 1-1: Ground out 5-3 (Groundball, 5)
|
Batting: RHB John Downing
|
0-0: Ball 1-0: Ball 2-0: Ball 3-0: Base on Balls
|
Batting: RHB Albert Zamudio
|
0-0: Called Strike 0-1: Ball 1-1: Ball 2-1: Ball 3-1: Foul Ball, location: 2F 3-2: Foul Ball, location: 2F 3-2: Ground out 4-3 (Groundball, 34S)
|
Bottom of the 8th over - 0 runs, 0 hits, 0 errors, 1 left on base; Echo Park 2 - Seattle 1 |
TOP OF THE 9TH |
Echo Park Lakers batting - Pitching for Seattle Aviators : RHP Miguel Cervantes
|
Pitching: LHP Holden Rosen Grupp
|
|
Batting: RHB Freddy Torres
|
0-0: Called Strike 0-1: Ball 1-1: Foul Ball, location: 2F 1-2: Foul Ball, location: 2F 1-2: Foul Ball, location: 2F 1-2: Ball 2-2: Ball 3-2: Strikes out swinging
|
Batting: RHB Ismael Sandoval
|
0-0: Called Strike 0-1: Swinging Strike 0-2: Ground out 5-3 (Groundball, 5L)
|
Batting: RHB Habbo Allaart
|
0-0: DOUBLE (Groundball, 5L)
|
Batting: RHB Guillermo Coss
|
0-0: Intentional Walk
|
Batting: RHB Jesús Villalba
|
0-0: Ball 1-0: Swinging Strike 1-1: Ball 2-1: Ball 3-1: Ground out 5-3 (Groundball, 2L)
|
Top of the 9th over - 0 runs, 1 hit, 0 errors, 2 left on base; Echo Park 2 - Seattle 1 |
BOTTOM OF THE 9TH |
Seattle Aviators batting - Pitching for Echo Park Lakers : LHP Will Hunting
|
Batting: LHB Jorge Mojica
|
0-0: Swinging Strike 0-1: Foul Ball, location: 2F 0-2: Ball 1-2: Ball 2-2: Ball 3-2: Foul Ball, location: 2F 3-2: Ground out U3 (Groundball, 3)
|
Batting: RHB Seon-keun Kim
|
0-0: Ball 1-0: SINGLE (Flyball, 7LS) - OUT at second base trying to stretch hit.
|
Pitching: RHP Júlio Saldańa
|
|
Batting: LHB Kenny Webster
|
0-0: Fly out, F8 (Flyball, 8LM)
|
Bottom of the 9th over - 0 runs, 1 hit, 0 errors, 0 left on base; Echo Park 2 - Seattle 1 |
|